 Dungeon Crawl Stone Soup version 0.24-a0-278-gefa1973 (webtiles) character file.

Game seed: 2480030301913398066

1561 PimpleBrain the Cleaver (level 8, -1/70 HPs)
             Began as a Hill Orc Fighter on May 1, 2019.
             Killed by divine providence
             ... invoked by an orc priest
              (15 damage)
             ... on level 6 of the Dungeon.
             The game lasted 00:11:52 (6773 turns).

PimpleBrain the Cleaver (Hill Orc Fighter)          Turns: 6773, Time: 00:11:53

Health: -1/70      AC: 15    Str: 21    XL:     8   Next: 89%
Magic:  17/17      EV:  8    Int:  6    God:
Gold:   487        SH: 10    Dex: 10    Spells: 7/7 levels left

rFire    + . .     SeeInvis .   a - +0 war axe
rCold    . . .     Gourm    .   c - +0 shield
rNeg     . . .     Faith    .   d - +1 scale mail {rF+}
rPois    .         Spirit   .   (no helmet)
rElec    .         Reflect  .   e - +0 cloak
rCorr    .         Harm     .   r - +2 pair of gloves
MR       .....                  (no boots)
Stlth    ..........             (no amulet)
HPRegen  0.21/turn              g - ring of wizardry
MPRegen  0.15/turn              z - ring of magical power

@: hasted, very quick
A: fangs 1, slimy green scales 1, dopey 1
a: Convert to Beogh


You were on level 6 of the Dungeon.
You were not hungry.

You visited 1 branch of the dungeon, and saw 6 of its levels.
You also visited: Ossuary.

You collected 552 gold pieces.
You spent 65 gold pieces at shops.

Inventory:

Hand Weapons
 a - a +0 war axe (weapon)
 t - a +2 flail of crushing
Missiles
 l - a throwing net (quivered)
Armour
 b - a +0 scale mail
 c - a +0 shield (worn)
 d - a +1 scale mail of fire resistance (worn)
 e - a +0 cloak (worn)
 r - a +2 pair of gloves (worn)
Jewellery
 g - a ring of wizardry (left hand)
 z - a ring of magical power (right hand)
Wands
 q - a wand of flame (14)
 u - a wand of disintegration (12)
Scrolls
 h - a scroll of remove curse
 i - 3 scrolls of enchant weapon
 j - a scroll of identify
 p - a scroll of random uselessness {unknown}
 v - 4 scrolls of teleportation
 y - a scroll of fear {unknown}
 A - a scroll of amnesia {unknown}
Potions
 n - 7 potions of curing
 C - 2 potions of resistance
 D - 2 potions of lignification
Comestibles
 f - 13 rations


   Skills:
 + Level 6.2 Fighting
 + Level 9.9 Axes
 + Level 6.4 Armour
 - Level 0.2 Stealth
 + Level 5.8 Shields


You had 7 spell levels left.
You didn't know any spells.
Your spell library was empty.

Dungeon Overview and Level Annotations

Branches:
Dungeon (6/15)
 Temple: D:4-7

Altars:
Fedhas
Gozag
Qazlal
Ru
Sif Muna
Trog
Vehumet
Xom
Zin
The Shining One

Shops:
D:4 !   D:6 !

Portals:
Sewer: D:6

Annotations:
D:4 Menkaure


Innate Abilities, Weirdness & Mutations

You have very sharp teeth.
You are partially covered in slimy green scales. (AC +2)
You are dopey. (Int -2)


Message History

The orc warrior hits you with a +0 flail.
* * * LOW HITPOINT WARNING * * *
You hit the orc warrior.
The orc warrior is lightly wounded.
You hear the rusting of a distant drain.
You block the orc warrior's attack.
You slash the orc warrior! You bite the orc warrior.
The orc warrior is severely wounded.
The orc priest calls upon Beogh to heal the orc warrior.
The orc warrior is healed somewhat.
You hit the orc warrior.
The orc warrior is severely wounded.
The orc warrior barely misses you.
You closely miss the orc warrior. Your bite misses the orc warrior.
The orc warrior is severely wounded.
You slash the orc warrior!
You kill the orc warrior!
The orc priest invokes the aid of Beogh against you.
Beogh smites you!
You die...

# ..^
.....##############
[..?co)@......<.?[.
.....###........#
##. #....._..#
#.....8..#
#########
#....._..#
#......[.
#........#
###o.......
#######.##
rY'†.o...F. ...
5##)....... #####


You could see a centaur and an orc priest.

Vanquished Creatures
  Edmund (D:6)
  A phantom (D:4)
  2 orc warriors (D:6)
  2 centaurs
  An ogre (D:4)
  5 bullfrogs (D:6)
  2 hounds
  2 orc priests (D:3)
  An orc wizard (D:3)
  Ijyb (D:4)
  Terence (D:3)
  An iguana (D:5)
  2 worker ants
  A big kobold zombie (Ossuary)
  8 mummies (Ossuary)
  Robin (D:4)
  5 gnolls
  3 adders
  2 river rats (D:6)
  An ooze (D:1)
  An adder zombie (D:5)
  5 worms
  A dart slug (D:1)
  2 leopard geckos
  10 orcs
  3 giant cockroaches
  15 goblins
  10 hobgoblins
  A quokka (D:2)
  6 ball pythons
  6 bats
  2 frilled lizards
  A hobgoblin zombie (Ossuary)
  4 kobolds (D:3)
  3 kobold zombies (Ossuary)
  3 orc zombies (Ossuary)
  5 rats
121 creatures vanquished.

Notes
Turn   | Place    | Note
-------+----------+-------------------------------------------
     0 | D:1      | PimpleBrain the Hill Orc Fighter began the quest for the
                  | Orb.
     0 | D:1      | Reached XP level 1. HP: 19/19 MP: 1/1
   168 | D:1      | Reached XP level 2. HP: 27/27 MP: 2/2
   266 | D:1      | Reached skill level 3 in Axes
   927 | D:2      | Reached XP level 3. HP: 33/33 MP: 3/3
  1749 | D:3      | Found a sacrificial altar of Ru.
  1917 | D:3      | Reached XP level 4. HP: 12/40 MP: 4/4
  1919 | D:3      | Reached skill level 4 in Axes
  2040 | D:3      | Reached XP level 5. HP: 28/47 MP: 5/5
  2396 | D:3      | Found a glowing golden altar of the Shining One.
  2517 | D:3      | Reached skill level 5 in Axes
  2576 | D:3      | Noticed Terence
  2588 | D:3      | Killed Terence
  3135 | D:4      | Noticed Menkaure
  3157 | D:4      | Noticed an ogre
  3161 | D:4      | Noticed Ijyb
  3163 | D:4      | Killed an ogre
  3163 | D:4      | Reached skill level 6 in Axes
  3163 | D:4      | Reached XP level 6. HP: 35/53 MP: 6/6
  3169 | D:4      | Killed Ijyb
  3421 | D:4      | Noticed a phantom
  3466 | D:4      | Killed a phantom
  3539 | D:4      | Found Tussoamn's Distillery.
  3589 | D:4      | Found a blossoming altar of Fedhas.
  3624 | D:4      | Found a shimmering altar of Xom.
  3678 | D:4      | Noticed Robin
  3690 | D:4      | Killed Robin
  3690 | D:4      | Reached skill level 5 in Armour
  3690 | D:4      | Reached XP level 7. HP: 55/60 MP: 7/7
  3918 | D:4      | Bought a potion of heal wounds for 65 gold pieces
  4701 | D:4      | Reached skill level 5 in Fighting
  4803 | D:5      | Entered Level 5 of the Dungeon
  4845 | D:5      | Found a stormy altar of Qazlal.
  4924 | D:5      | Found a radiant altar of Vehumet.
  5101 | D:5      | Reached skill level 7 in Axes
  5112 | D:5      | Found a bloodstained altar of Trog.
  5120 | D:5      | Found an opulent altar of Gozag.
  5188 | D:5      | Found a sand-covered staircase.
  5196 | Ossuary  | Entered an ossuary
  6092 | D:5      | Gained mutation: You are somewhat resistant to further
                  | mutation. [potion of mutation]
  6093 | D:5      | Lost mutation: You are somewhat resistant to further
                  | mutation. [potion of mutation]
  6093 | D:5      | Gained mutation: You are partially covered in slimy green
                  | scales. (AC +2) [potion of mutation]
  6093 | D:5      | Gained mutation: You are dopey. (Int -2) [potion of
                  | mutation]
  6093 | D:5      | Gained mutation: You have very sharp teeth. [potion of
                  | mutation]
  6404 | D:5      | Reached skill level 8 in Axes
  6588 | D:6      | Reached XP level 8. HP: 55/69 MP: 8/8
  6627 | D:6      | Reached skill level 5 in Shields
  6696 | D:6      | Found Sycw's Distillery.
  6699 | D:6      | Found a glowing drain.
  6725 | D:6      | Reached skill level 9 in Axes
  6727 | D:6      | Found a deep blue altar of Sif Muna.
  6727 | D:6      | Found a glowing silver altar of Zin.
  6727 | D:6      | Noticed Edmund
  6748 | D:6      | Killed Edmund
  6773 | D:6      | Killed from afar by an orc priest

Levels and vault maps discovered:
D:1:      minmay_arrival_shattered_statue, layout_loops_ring, chequers_jeans,
          solitary_fountain, wander_ebering_terrifying_dragon_lair
D:2:      layout_loops_corners, first_ration, minmay_misc_feat_encased
D:3:      layout_basic, tso_oasis_becter, grunt_ministairs_14,
          nicolae_ru_sacrificial_ziggurat, uniq_terence
D:4:      layout_basic, kennysheep_little_box, serial_shops, shop_statue,
          fedhas_altar_1, uniq_robin, uniq_ijyb, uniq_menkaure
D:5:      cheibrodos_quashed, layout_basic, nicolae_qazlal_general_emergency,
          fiery_altar_vehumet, grunt_temple_overflow_open,
          nicolae_ossuary_entry_ruins, wad_floor_pattern_1
D:6:      layout_basic, chequers_temple_overflow_statue_of_worship,
          portal_sewer_entry_a, serial_shops, nicolae_shop_trees, uniq_edmund

Skill      XL: |  1  2  3  4  5  6  7  8 |
---------------+-------------------------+-----
Axes           | 3 4 6 8 9 |  9.9
Fighting       | 4 5 6 |  6.2
Shields        | 4 5 |  5.8
Armour         | 4 5 6 |  6.4
Stealth        | |  0.2

Action                   |  1- 3 |  4- 6 |  7- 9 || total
-------------------------+-------+-------+-------++-------
Melee: War axe           |   138 |   102 |   265 ||   505
       Bite              |       |       |    20 ||    20
  Use: Potion            |       |     2 |    11 ||    13
       Scroll            |       |       |    10 ||    10
 Stab: Invisible         |       |       |     5 ||     5
  Eat: Chunk             |     3 |     5 |     8 ||    16
       Ration            |       |       |     1 ||     1
Armor: Scale mail        |    56 |    31 |   105 ||   192
Dodge: Dodged            |    34 |    20 |    64 ||   118
Block: Shield            |    73 |    37 |   130 ||   240

Table legend:
 A = Non-vault XP
 B = Vault XP
 C = Vault XP percentage of total XP
 D = Non-vault monster count
 E = Vault monster count
 F = Vault count percentage of total count
                 A         B        C        D         E       F
            +---------+---------+-------+---------+---------+-------
      Total |    1746 |     484 |  21.7 |      83 |      38 |  31.4
            +---------+---------+-------+---------+---------+-------
        D:1 |      28 |       1 |   3.4 |      12 |       1 |   7.7
        D:2 |      28 |       0 |   0.0 |      17 |       0 |   0.0
        D:3 |     222 |      42 |  15.9 |      21 |       3 |  12.5
        D:4 |     369 |      70 |  15.9 |      12 |      12 |  50.0
        D:5 |     241 |       0 |   0.0 |       7 |       0 |   0.0
        D:6 |     858 |     196 |  18.6 |      14 |       6 |  30.0
    Ossuary |       0 |     175 | 100.0 |       0 |      16 | 100.0
            +---------+---------+-------+---------+---------+-------
